AoeStats
← AxingQuestions

MegaRandom

503289726Analyzed
1v1 RM · 1mo ago on Aug 31, 2026· 37m 8s· 2 players
Game mode
Random Map
Map size
Tiny (2 player)
Population
200
Speed
Normal
Resources
Standard
Victory
Conquest
Starting age
Dark Age
Ending age
Imperial Age
RankedLock teamsTeams togetherTeam positionsShared explorationLock speedFull tech treeHidden civsTurbo modeCheats
Victory
Defeat
🇺🇸 Bohemians · United States
1198
+15
🇺🇸 Koreans · United States
1185
-15
jbird7250
0:29 Loom
10:03 Feudal Age
10:45 Double-Bit Axe
10:44 Horse Collar
11:09 Man-at-Arms
13:07 Scale Mail Armor
15:29 Fletching
15:50 Forging
18:17 Wheelbarrow
23:24 Castle Age
24:53 Heavy Plow
25:30 Bow Saw
30:40 Light Cavalry
AxingQuestions
0:31 Loom
10:37 Feudal Age
15:05 Castle Age
15:31 Double-Bit Axe
24:04 Horse Collar
27:28 Wheelbarrow
31:31 Hand Cart
32:11 Town Watch
32:32 Light Cavalry
33:12 Husbandry
Connection lost

Rejoining the realm…

Still unreachable

The connection could not be restored.

Session expired

The server has moved on; the page needs a fresh start.